 Dungeon Crawl Stone Soup version 0.28.0-53-g5a82cb258f (webtiles) character file.

Game seed: 14261679498107250907

24 wingedge the Charlatan (level 3, 0/30 HPs)
             Began as a Kobold Artificer on June 11, 2022.
             Slain by a bat (1 damage)
             ... on level 1 of the Dungeon.
             The game lasted 00:04:28 (1402 turns).

wingedge the Charlatan (Kobold Artificer)           Turns: 1402, Time: 00:04:29

Health: 0/30       AC:  4    Str:  9    XL:     3   Next: 15%
Magic:  3/3        EV: 14    Int: 12    God:
Gold:   38         SH:  0    Dex: 17    Spells: 2/2 levels left

rFire   . . .      SeeInvis .   h - +0 dagger
rCold   . . .      Faith    .   (no shield)
rNeg    . . .      Spirit   .   b - +0 leather armour
rPois   .          Reflect  .   (no helmet)
rElec   .          Harm     .   (no cloak)
rCorr   .          Rampage  .   g - +0 pair of gloves
Will    .....                   (no boots)
Stlth   ..........              (no amulet)
HPRegen 0.10/turn               (no ring)
MPRegen 0.08/turn               (no ring)

@: berserking, very quick
A: small, no large weapons, nightstalker 3
a: no special abilities


You were on level 1 of the Dungeon.
You visited 1 branch of the dungeon, and saw 1 of its levels.

You collected 38 gold pieces.

Inventory:

Hand Weapons
 a - a +0 club
 h - a +0 dagger (weapon)
Missiles
 i - 18 bolts
Armour
 b - a +0 leather armour (worn)
 g - a +0 pair of gloves (worn)
Jewellery
 f - a +4 ring of evasion
Wands
 c - a wand of flame (6) (quivered)
 d - a wand of charming (15)
Miscellaneous
 e - a piece from Xom's chessboard (15/15)


   Skills:
 + Level 1.4 Fighting
 + Level 0.5 Short Blades
 + Level 1.0 Armour
 + Level 2.7 Dodging
 + Level 2.0 Stealth
 * Level 4.2 Evocations


You had 2 spell levels left.
You didn't know any spells.
Your spell library contained the following spells:

 Spells                   Type           Power      Damage    Failure   Level
 Chain Lightning          Conj/Air       0%         N/A       100%        9
 Fire Storm               Conj/Fire      0%         5d1       100%        9
 Shatter                  Erth           0%         3d5*      100%        9


Dungeon Overview and Level Annotations

Branches:
Dungeon (1/15)

Altars:


Innate Abilities, Weirdness & Mutations

You are small and have problems with some larger weapons.
You are completely attuned to the shadows.


Message History

The bat moves out of view.
A bat is nearby!
Found a red potion.
The bat misses you. The bat misses you. The bat hits you but does no damage.
You closely miss the bat. The bat closely misses you. The bat hits you.
You hit the bat but do no damage. The bat hits you but does no damage.
You barely miss the bat. The bat hits you but does no damage.
An endoplasm comes into view.
You closely miss the bat. The bat barely misses you. x2
You hit the bat.
The bat is moderately wounded.
The bat completely misses you. The bat hits you.
You barely miss the endoplasm. The bat barely misses you.
The endoplasm freezes you.
You are frozen.
The bat closely misses you.
You closely miss the bat.
The bat is moderately wounded.
The bat misses you. The endoplasm freezes you.
You are frozen.
* * * LOW HITPOINT WARNING * * *
You hit the endoplasm but do no damage. The bat hits you.
* * * LOW HITPOINT WARNING * * *
The endoplasm freezes you.
You are frozen.
* * * LOW HITPOINT WARNING * * *
The bat barely misses you.
It was a potion of berserk rage.
A red film seems to cover your vision as you go berserk!
You feel yourself moving faster!
You feel mighty! The bat barely misses you. The endoplasm closely misses you.
You puncture the endoplasm!
You kill the endoplasm!
The bat misses you.
You closely miss the bat.
The bat is moderately wounded.
The bat hits you.
You die...

.(.##.>..........#############.#
..####......###### #.# ..#
##........# #.# ..# ##.##.##.#
#.# ..# #.##.##.# #.# ..#
#.##.##.# ## #†#
..######.##.##.# ... #.#
...............###... #.#
.........#..####@!... #.#
.........#.## #b#... ##.#
..######.#.# #.# .. #..# ..#
#.#.#####.#### #.## #.#
#.#.##.).....## #.# ..#
#.#.##......>.# #.#
..######.#.##..#.##..# #.#
..#..............##..########.#
..#......#.##..##.............#


You could see a bat.

Vanquished Creatures
  A dart slug (D:1)
  2 ball pythons (D:1)
  3 endoplasms (D:1)
  2 giant cockroaches (D:1)
  4 goblins (D:1)
  2 hobgoblins (D:1)
  2 bats (D:1)
  2 frilled lizards (D:1)
  A kobold (D:1)
  2 rats (D:1)
21 creatures vanquished.

Notes
Turn   | Place    | Note
-------+----------+-------------------------------------------
     0 | D:1      | wingedge the Kobold Artificer began the quest for the Orb.
     0 | D:1      | Reached XP level 1. HP: 12/12 MP: 1/1
   194 | D:1      | Reached XP level 2. HP: 13/16 MP: 2/2
   311 | D:1      | Reached skill level 1 in Armour
   511 | D:1      | Reached skill level 4 in Evocations
  1193 | D:1      | Reached XP level 3. HP: 20/20 MP: 3/3
  1399 | D:1      | HP: 1/20 [frozen (4)]
  1402 | D:1      | Slain by a bat

Illustrated notes

Levels and vault maps discovered:
D:1:      lightli_arrival_statue_moat, layout_loops_cross

Skill      XL: |  1  2  3 |
---------------+----------+-----
Armour         | 1 |  1.0
Evocations     | 4 |  4.2
Stealth        | 2 |  2.0
Fighting       | |  1.4
Short Blades   | |  0.5
Dodging        | |  2.7

Action                   || total
-------------------------++-------
Melee: Club              ||    43
       Dagger            ||    47
       Punch             ||     1
Evoke: Wand              ||     9
  Use: Potion            ||     1
 Stab: Sleeping          ||     8
Armor: Leather armour    ||    24
Dodge: Dodged            ||    69
